 Dungeon Crawl Stone Soup version 0.19.0-11-g3fc08b3 (webtiles) character file.

576 Leybi the Digger (level 7, -11/36 HPs)
             Began as a Gargoyle Earth Elementalist on Nov 8, 2016.
             Mangled by an orc warrior
             ... wielding a +0 broad axe
              (24 damage)
             ... on level 5 of the Dungeon.
             The game lasted 00:26:15 (5868 turns).

Leybi the Digger (Gargoyle Earth Elementalist)      Turns: 5868, Time: 00:26:16

Health: -11/36     AC: 10    Str: 11    XL:     7   Next: 35%
Magic:  15/15      EV: 12    Int: 20    God:
Gold:   171        SH:  0    Dex: 10    Spells: 2 memorised, 13 levels left

rFire  + . .     SeeInvis .     F - +7 spear of Makhleb's Benevolence {flame, rElec rN+ MR- Int+2}
rCold  . . .     Gourm    .     c - +0 robe
rNeg   + + .     Faith    .     (no shield)
rPois  ∞         Spirit   .     H - +0 helmet
rElec  +         Reflect  .     z - +0 cloak
rCorr  +         Harm     .     (no gloves)
MR     .....                    A - +1 pair of boots {Fly}
Stlth  ++........               (no amulet)
                                v - ring of protection from fire
                                j - ring of resist corrosion

@: flying
A: negative energy resistance 1, electricity resistance, unbreathing,
petrification resistance, rot immunity, AC +4
a: Stop Flying


You were on level 5 of the Dungeon.
You were not hungry.

You visited 2 branches of the dungeon, and saw 7 of its levels.

You collected 171 gold pieces.

Inventory:

Hand Weapons
 m - a +1 whip
 F - the +7 spear of Makhleb's Benevolence (weapon) {flame, rElec rN+ MR- Int+2}
   (You found it on level 5 of the Dungeon)

   It has been specially enchanted to burn those struck by it, causing extra
   injury to most foes and up to half again as much damage against particularly
   susceptible opponents.
   It affects your intelligence (+2).
   It insulates you from electricity.
   It protects you from negative energy.
   It affects your resistance to hostile enchantments.
Missiles
 b - 92 stones (quivered)
Armour
 c - a +0 robe (worn)
 z - a +0 cloak (worn)
 A - a +1 pair of boots of flying (worn)
 H - a +0 helmet (worn)
Jewellery
 a - a cursed -4 ring of dexterity {unknown}
 j - a ring of resist corrosion (left hand)
 v - a ring of protection from fire (right hand)
Wands
 G - a wand of acid (9/15)
Scrolls
 f - 3 scrolls of identify {unknown}
 g - 2 scrolls of enchant armour {unknown}
 k - a scroll of magic mapping {unknown}
 n - a scroll of recharging {unknown}
 o - 3 scrolls of remove curse
 p - a scroll of random uselessness {unknown}
 s - 4 scrolls of teleportation {unknown}
 y - a scroll of immolation {unknown}
 I - a scroll of noise {unknown}
 L - a scroll of amnesia {unknown}
Potions
 h - 3 potions of curing {unknown}
 i - a potion of cancellation {unknown}
 q - a potion of haste {unknown}
 r - a potion of ambrosia {unknown}
 u - a potion of flight {unknown}
 w - 3 potions of heal wounds {unknown}
 x - 3 potions of degeneration {unknown}
 C - a potion of brilliance {unknown}
 D - a potion of berserk rage {unknown}
 J - a potion of lignification {unknown}
Books
 e - a book of Geomancy

   Spells                             Type                      Level
   a - Sandblast                      Earth                        1
   b - Passwall                       Transmutation/Earth          2
   c - Stone Arrow                    Conjuration/Earth            3
   d - Petrify                        Transmutation/Earth          4
   e - Lee's Rapid Deconstruction     Earth                        5
 E - a book of Changes

   Spells                             Type                      Level
   a - Beastly Appendage              Transmutation                1
   b - Sticks to Snakes               Transmutation                2
   c - Spider Form                    Transmutation/Poison         3
   d - Ice Form                       Ice/Transmutation            4
   e - Blade Hands                    Transmutation                5
Comestibles
 d - 3 bread rations
 l - a meat ration
 t - 2 fruits
 B - a beef jerky


   Skills:
 - Level 1.8 Dodging
 - Level 2.2 Stealth
 * Level 5.5 Spellcasting
 + Level 1.6 Conjurations
   Level 0.7 Transmutations
 + Level 6.5 Earth Magic


You had 13 spell levels left.
You knew the following spells:

 Your Spells              Type           Power        Failure   Level  Hunger
a - Sandblast             Erth           ####..       1%          1    None
b - Stone Arrow           Conj/Erth      ###...       10%         3    ##.....


Dungeon Overview and Level Annotations

Branches:
Dungeon (6/15)             Temple (1/1) D:4

Altars:
Ashenzari
Dithmenos
Elyvilon
Fedhas
Hepliaklqana
Kikubaaqudgha
Makhleb
Nemelex Xobeh
Okawaru
Qazlal
Trog
Uskayaw
Xom
Zin
The Shining One

Annotations:
D:4 Cokeysmoke's ghost, amateur TeAE


Innate Abilities, Weirdness & Mutations

You are resistant to torment.
Your stone body is resilient. (AC +4)
You are immune to poison.
You resist negative energy. (rN+)
You are resistant to electric shocks. (rElec)
You can survive without breathing.
You are immune to petrification.
You are immune to rotting.


Message History

The rocky blast hits the orc warrior.
Wield which item (- for none, * to show all)? (? for menu, Esc to quit)
The +7 spear of Makhleb's Benevolence {flame, rElec rN+ MR- Int+2} bursts into flame!
F - the +7 spear of Makhleb's Benevolence (weapon)
{flame, rElec rN+ MR- Int+2} The orc warrior hits you with a broad axe.
There is a stone staircase leading up here.
The orc warrior closely misses you.
You fly upwards.
There is a stone staircase leading down here.
You hit the orc warrior. You burn the orc warrior.
The orc warrior is lightly wounded.
The orc warrior hits you with a broad axe!
You hit the orc warrior but do no damage.
The orc warrior is lightly wounded.
You puncture the orc warrior! You burn the orc warrior.
The orc warrior is heavily wounded.
The orc warrior hits you with a broad axe!
The orc warrior hits you with a broad axe!!
Ouch! That really hurt!
You die...

##...## #.#
##.######.#
#........#
#.######## #.#
#.# # #.# #
#.########### #
#.##......@># #
#.##.######o#
#######.##.# #.#
......#.##.#
####.###
#####....#)#
#......# #
#.....)###.##.#.#
#
#..........##.#.#
#
###.##.######.#.#
#
#.##........#.##


You could see an orc warrior.

Vanquished Creatures
  A scorpion (D:4)
  A howler monkey (D:3)
  A hound (D:6)
  Jessica (D:3)
  5 orc wizards
  2 worker ants
  7 gnolls (D:3)
  4 adders
  A howler monkey skeleton (D:5)
  2 adder skeletons (D:5)
  5 worms
  4 dart slugs
  A leopard gecko (D:1)
  11 orcs
  A ball python (D:3)
  6 giant cockroaches
  8 hobgoblins
  6 jackals
  3 quokkas (D:3)
  9 bats (D:1)
  13 frilled lizards
  8 goblins
  7 kobolds
  A quokka zombie (D:6)
  10 rats
118 creatures vanquished.

Notes
Turn   | Place    | Note
-------+----------+-------------------------------------------
     0 | D:1      | Leybi the Gargoyle Earth Elementalist began the quest for the Orb.
     0 | D:1      | Reached XP level 1. HP: 10/10 MP: 3/3
   226 | D:1      | Reached XP level 2. HP: 11/15 MP: 1/5
   229 | D:1      | Reached skill level 4 in Earth Magic
   570 | D:1      | Reached XP level 3. HP: 17/19 MP: 0/6
  1721 | D:2      | Learned a level 3 spell: Stone Arrow
  1991 | D:2      | Found a faded altar of an unknown god.
  2061 | D:2      | Reached XP level 4. HP: 24/24 MP: 8/8
  2553 | D:2      | Reached skill level 5 in Earth Magic
  3024 | D:3      | Reached XP level 5. HP: 24/28 MP: 6/10
  3568 | D:3      | Reached XP level 6. HP: 32/32 MP: 2/12
  3928 | D:3      | Noticed Jessica
  3930 | D:3      | Killed Jessica
  3930 | D:3      | Reached skill level 6 in Earth Magic
  4317 | D:4      | Noticed Cokeysmoke's ghost (amateur TeAE)
  4471 | D:4      | Found a staircase to the Ecumenical Temple.
  4503 | Temple   | Entered the Ecumenical Temple
  4674 | D:4      | Reached skill level 5 in Spellcasting
  4714 | D:5      | Entered Level 5 of the Dungeon
  4856 | D:5      | Found a burning altar of Makhleb.
  4889 | D:5      | Reached skill level 1 in Conjurations
  4949 | D:5      | Got a crude spear
  5201 | D:5      | Reached XP level 7. HP: 36/36 MP: 11/14
  5423 | D:5      | Found a bloodstained altar of Trog.
  5423 | D:5      | Found a faded altar of an unknown god.
  5430 | D:5      | Found a faded altar of an unknown god.
  5432 | D:5      | Found a faded altar of an unknown god.
  5433 | D:5      | Found a faded altar of an unknown god.
  5611 | D:5      | Identified the +7 spear of Makhleb's Benevolence {flame, rElec rN+ MR- Int+2} (You found it on level 5 of the Dungeon)
  5868 | D:5      | Mangled by an orc warrior

Skill      XL: |  1  2  3  4  5  6 |
---------------+-------------------+-----
Earth Magic    | 4 5 6 |  6.5
Spellcasting   | 3 4 5 |  5.5
Conjurations   | 1 |  1.6
Dodging        | |  1.8
Stealth        | |  2.2
Transmutations | |  0.7

Action                   |  1- 3 |  4- 6 |  7- 9 || total
-------------------------+-------+-------+-------++-------
Melee: Dagger            |    71 |       |       ||    71
       Unarmed           |     2 |       |       ||     2
       Whip              |    83 |    76 |       ||   159
       Spear             |       |       |    19 ||    19
 Cast: Sandblast         |    53 |    97 |    12 ||   162
  Use: Scroll            |       |     2 |       ||     2
 Stab: Sleeping          |       |     1 |       ||     1
  Eat: Chunk             |     4 |    10 |     2 ||    16
Armor: Robe              |    25 |    26 |     7 ||    58
       Scale mail        |    78 |    20 |       ||    98
Dodge: Dodged            |   118 |    59 |    10 ||   187
